 Dungeon Sprint DCSS version 0.27-a0-1200-g94dc6ad4cf (webtiles) character file.

Game seed: 576048992444469240

3975 night the Thaumaturge (level 10, -3/68 (76) HPs)
             Began as a Djinni Conjurer on May 31, 2021.
             Killed by drain life
             ... invoked by a soul eater
              (7 damage)
             ... in the Dungeon (Sprint V: "Ziggurat Sprint").
             The game lasted 00:11:39 (1309 turns).

night the Thaumaturge (Djinni Conjurer)             Turns: 1309, Time: 00:11:39

HP:   -3/68 (76)    AC: 16    Str: 21    XL:     10   Next: 45%
Gold: 0             EV: 10    Int: 23    God:
                    SH:  9    Dex: 12

rFire    + + +     SeeInvis .   B - +7 Screaming Sword {vorpal, sonic wave}
rCold    x x .     Faith    .   i - +3 buckler
rNeg     + . .     Spirit   .   b - +5 fire dragon scales
rPois    ∞         Reflect  .   M - +2 helmet "Kuatzuli" {rN+ Str+3}
rElec    .         Harm     .   (no cloak)
rCorr    .         Rampage  .   (no gloves)
Will     +....     NoTele   +   (boots unavailable)
Stlth    ..........             (no amulet)
HPRegen  0.21/turn              y - +6 ring of strength
MPRegen  0.00/turn              z - +6 ring of strength

@: flying, studying Evocations, heavily drained
A: sickness immunity, fire resistance 2, cold vulnerability 1, float, innate
caster, hp casting, extra vitality 1
a: no special abilities


You were in the Dungeon.
You visited 1 branch

Inventory:

Hand Weapons
 A - the +6 Majin-Bo {vamp, MP+6 Int+6}
   (You found it in the Dungeon)

   It inflicts no extra harm, but heals its wielder when it wounds a living foe.
   It affects your intelligence (+6).
   It affects your magic capacity (+6).
 B - the +7 Screaming Sword (weapon) {vorpal, sonic wave}
   (You found it in the Dungeon)

   It inflicts extra damage upon your enemies.
 C - a +5 demon blade
 D - a +5 double sword
 Q - the +6 fustibalus of Chance {speed, rPois Stlth+}
   (You found it in the Dungeon)

   Attacks with this weapon are significantly faster.
   It protects you from poison.
   It makes you more stealthy.
Armour
 a - a +0 robe
 b - +5 fire dragon scales (worn)
 h - +5 gold dragon scales
 i - a +3 buckler (worn)
 j - a +3 kite shield
 k - a +3 tower shield
 M - the +2 helmet "Kuatzuli" (worn) {rN+ Str+3}
   (You found it in the Dungeon)

   It affects your strength (+3).
   It protects you from negative energy.
Magical Staves
 p - a staff of earth
Jewellery
 u - a +6 ring of dexterity
 v - a +6 ring of dexterity
 w - a +6 ring of intelligence
 x - a +6 ring of intelligence
 y - a +6 ring of strength (left hand)
 z - a +6 ring of strength (right hand)
 K - the ring "Opuept" {Ice rPois rN+++ Dex-4 SInv}
   (You found it in the Dungeon)

   [ring of ice]

   It enhances your ice magic.
   It affects your dexterity (-4).
   It makes you vulnerable to fire.
   It protects you from cold.
   It protects you from poison.
   It renders you almost immune to negative energy.
   It lets you see invisible.
 L - a ring of willpower
 N - the ring of Fikasod {+Blink AC+4 Str-2 Int+4 SInv}
   (You acquired it in the Dungeon)

   [ring of protection]

   It affects your AC (+4).
   It affects your strength (-2).
   It affects your intelligence (+4).
   It lets you see invisible.
   It lets you blink.
 O - a ring of positive energy
 P - the ring "Yzawo" {rF+ AC+4 Str+7 Slay-4}
   (You found it in the Dungeon)

   [ring of protection]

   It affects your AC (+4).
   It affects your strength (+7).
   It affects your accuracy and damage with ranged weapons and melee attacks
   (-4).
   It protects you from fire.
Wands
 r - a wand of mindburst (7)
 s - a wand of iceblast (4)
 t - a wand of acid (3)
Scrolls
 g - 4 scrolls of blinking
 E - 7 scrolls of fog
 F - a scroll of holy word
 G - 5 scrolls of identify
 H - 2 scrolls of fear
 J - 4 scrolls of enchant armour
Potions
 c - 10 potions of curing
 d - 13 potions of heal wounds
 e - 6 potions of haste
 f - 3 potions of berserk rage
 l - 2 potions of brilliance
 m - 2 potions of invisibility
 n - 4 potions of resistance
 q - 5 potions of might
Miscellaneous
 o - a phial of floods
 I - a box of beasts


   Skills:
 - Level 8.1 Fighting
 - Level 7.4 Long Blades
 - Level 2.1 Dodging
 - Level 1.5 Stealth
 + Level 10.3 Shields
 * Level 13.8 Spellcasting


You had 13 spell levels left.
You knew the following spells:

 Your Spells              Type           Power      Damage    Failure   Level
a - Magic Dart            Conj           100%       1d8       1%          1
b - Searing Ray           Conj           100%       3d7       1%          2
c - Dazzling Flash        Conj/Hex       100%       N/A       1%          3
d - Fulminant Prism       Conj/Hex       34%        3d16      1%          4
e - Iskenderun's Mystic   Conj/Tloc      68%        2d14      1%          4
f - Apportation           Tloc           100%       N/A       1%          1
g - Ensorcelled Hibernat  Hex/Ice        100%       N/A       1%          2
h - Ignite Poison         Fire/Tmut/Pois 68%        N/A       1%          3
i - Teleport Other        Tloc           68%        N/A       1%          3
Your spell library was empty.

Dungeon Overview and Level Annotations

Branches:
Dungeon (1/1)

Altars:
Ashenzari
Cheibriados
Dithmenos
Elyvilon
Fedhas
Gozag
Hepliaklqana
Kikubaaqudgha
Makhleb
Nemelex Xobeh
Okawaru
Qazlal
Ru
Sif Muna
Trog
Uskayaw
Vehumet
Wu Jian
Xom
Yredelemnul
Zin
The Shining One
Beogh
Jiyva
Lugonu


Innate Abilities, Weirdness & Mutations

You are immune to sickness and miasma.
You are immune to poison.
Your flesh is very heat resistant. (rF++)
You are vulnerable to cold. (rC-)
You float through the air rather than walking.
You learn spells naturally, not from books.
Your magical power is your life essence.
You have superior vitality. (+4 HP)


Message History

The shadow dragon is lightly wounded.
The spectral bat hits you but does no damage. x3
The shadow dragon closely misses you. You block the shadow dragon's attack.
The shadow dragon claws you but does no damage.
A quokka skeleton comes into view.
You feel much better.
The spectral bat hits you but does no damage.
The spectral bat closely misses you.
You riposte.
You slash the spectral bat!
You destroy the spectral bat!
The soul eater draws from the surrounding life force!
The shadow dragon bites you. You block the shadow dragon's attack.
The shadow dragon claws you but does no damage.
Okay, then.
You slice the shadow dragon!!
The shadow dragon is moderately wounded.
The soul eater draws from the surrounding life force!
You block the shadow dragon's attack.
The shadow dragon claws you but does no damage.
The shadow dragon barely misses you.
You barely miss the shadow dragon.
The shadow dragon is moderately wounded.
The quokka zombie misses you.
The shadow dragon breathes negative energy at you.
The bolt of negative energy hits you!! You partially resist.
You feel drained.
* * * LOW HITPOINT WARNING * * *
The quokka zombie barely misses you.
You hit the shadow dragon.
The Screaming Sword screams, "ABANDON ALL HOPE!"
You send a blast of sound all around you.
The monsters around you are blasted!
You destroy the quokka zombie!
You destroy the quokka skeleton!
The soul eater is heavily wounded.
The soul eater is moderately wounded.
The shadow dragon is heavily wounded. x2
You block the shadow dragon's attack. The shadow dragon claws you.
* * * LOW HITPOINT WARNING * * *
The shadow dragon claws you.
* * * LOW HITPOINT WARNING * * *
The soul eater draws from the surrounding life force!
You die...

▓..|[)}|
▓..[|)|:..▓...})}.
▓.........▓.......
▓.........▓.......
▓.........▓.......
▓...D.....▓.......
▓3........▓.▓.....
▓3▓.....▓.▓....©..
▓@D..©....▓▓▓▓▓▓▓▓
▓▓▓▓▓▓▓▓▓▓▓


You could see a shadow dragon (catching breath) and 2 soul eaters.

Vanquished Creatures
  An ugly thing (D)
  A komodo dragon (shapeshifter) (D)
  2 jumping spiders (D)
  3 slime creatures (D)
  A flying skull (D)
  A tarantella (D)
  An ushabti (D)
  4 neqoxecs (D)
  3 floating eyes (D)
  A hell hound (D)
  A sky beast (shapeshifter) (D)
  2 necrophages (D)
  A phantom (D)
  3 scorpions (D)
  3 wights (D)
  6 jellies (D)
  3 orc priests (D)
  2 orc wizards (D)
  A mummy (D)
  A shadow imp (D)
  An ufetubus (D)
  2 spectral adders (D)
  An adder skeleton (D)
  An orc (D)
  A spectral bat (D)
  A bat skeleton (D)
  A bat zombie (D)
  3 endoplasms (D)
  2 ball python skeletons (D)
  2 ball python zombies (D)
  A jackal skeleton (D)
  2 quokka skeletons (D)
  A quokka zombie (D)
  A spectral ball python (D)
  2 fulminant prisms (D)
63 creatures vanquished.

Vanquished Creatures (others)
  11 fulminant prisms (D)
11 creatures vanquished.

Grand Total: 74 creatures vanquished

Notes
Turn   | Place    | Note
-------+----------+-------------------------------------------
     0 | D        | night the Djinni Conjurer began the quest for the Orb.
     0 | D        | Reached XP level 1. HP: 15/15 MP: 0/0
     3 | D        | Found a blossoming altar of Fedhas.
     4 | D        | Found the +6 Majin-Bo {vamp, MP+6 Int+6}
     4 | D        | Found the +9 heavy crossbow "Sniper" {vorpal, Acc+∞ SInv}
     4 | D        | Found the +10 dark maul {vorpal}
     4 | D        | Found the +15 Maxwell's patent armour {-Cast -Tele rElec
                  | Will+ rCorr}
     4 | D        | Found the +18 shield of the Gong {rElec rN+ Will+ EV-5}
     4 | D        | Found the +14 obsidian axe {vorpal, Drain Fly SInv}
     4 | D        | Found the +7 great mace "Firestarter" {inner flame, rF++}
     4 | D        | Found the +6 shillelagh "Devastator" {shatter}
     4 | D        | Found the +11 plutonium sword {Contam Stlth-}
     4 | D        | Found the +8 lance "Wyrmbane" {slay drac, rPois rF+ rC+
                  | AC+3}
     4 | D        | Found the +9 sword of Zonguldrok {reap}
     4 | D        | Found the +13 scythe of Curses {drain, Drain}
     4 | D        | Found the +5 sword of Power {vorpal}
     4 | D        | Found the +7 mace of Variability {chain chaos}
     4 | D        | Found the +7 Singing Sword {vorpal, sonic wave}
     4 | D        | Found the +8 storm bow {elec, penet}
     6 | D        | Banished a spatial maelstrom
     7 | D        | Found a sacrificial altar of Ru.
     7 | D        | Found a bloodstained altar of Trog.
     7 | D        | Found a stormy altar of Qazlal.
     7 | D        | Found an iron altar of Okawaru.
     7 | D        | Found a sparkling altar of Nemelex Xobeh.
    13 | D        | Found a corrupted altar of Lugonu.
    13 | D        | Found a burning altar of Makhleb.
    13 | D        | Found a transporter.
    13 | D        | Found a viscous altar of Jiyva.
    13 | D        | Found a hazy altar of Hepliaklqana.
    28 | D        | Found an opulent altar of Gozag.
    60 | D        | Reached skill level 4 in Spellcasting
    60 | D        | Reached XP level 2. HP: 26/26 MP: 0/0
    68 | D        | Entered arena 2.
    68 | D        | Noticed a jumping spider
    68 | D        | Noticed a scorpion
    68 | D        | Found a transporter.
    74 | D        | Killed a jumping spider
    75 | D        | Reached skill level 5 in Long Blades
    75 | D        | Reached skill level 7 in Spellcasting
    75 | D        | Reached XP level 3. HP: 12/35 MP: 0/0
    75 | D        | Learned a level 1 spell: Apportation
    75 | D        | Reached XP level 4. HP: 14/40 MP: 0/0
    75 | D        | Reached XP level 5. HP: 16/46 MP: 0/0
    75 | D        | Learned a level 2 spell: Ensorcelled Hibernation
    75 | D        | Reached XP level 6. HP: 18/51 MP: 0/0
   279 | D        | Entered arena 3.
   279 | D        | Noticed an ushabti
   279 | D        | Noticed a flying skull
   279 | D        | Found a transporter.
   284 | D        | Killed an ushabti
   284 | D        | Killed a flying skull
   285 | D        | Reached skill level 9 in Spellcasting
   285 | D        | Reached XP level 7. HP: 15/59 MP: 0/0
   285 | D        | Learned a level 3 spell: Ignite Poison
   517 | D        | Entered arena 4.
   517 | D        | Found a transporter.
   521 | D        | Reached skill level 1 in Shields
   523 | D        | Reached skill level 2 in Shields
   523 | D        | Reached XP level 8. HP: 57/65 MP: 0/0
   562 | D        | Entered arena 5.
   562 | D        | Noticed a jumping spider
   562 | D        | Noticed a tarantella
   562 | D        | Found a transporter.
   563 | D        | Found the +5 demon whip "Spellbinder" {antimagic, Will+}
   566 | D        | Killed a jumping spider
   567 | D        | Reached skill level 10 in Spellcasting
   567 | D        | Killed a tarantella
   568 | D        | Reached skill level 5 in Shields
   593 | D        | Entered arena 6.
   593 | D        | Found a transporter.
   610 | D        | Got the ring "Yrau" {Fly rPois rCorr Int-5 Dex+6}
   752 | D        | Entered arena 7.
   752 | D        | Noticed a slime creature
   756 | D        | Reached skill level 11 in Spellcasting
   756 | D        | Reached XP level 9. HP: 63/70 MP: 0/0
   756 | D        | Learned a level 3 spell: Teleport Other
   757 | D        | Found a transporter.
   762 | D        | Killed a slime creature
   823 | D        | Entered arena 8.
   824 | D        | Found a transporter.
   841 | D        | Got the ring "Opuept" {Ice rPois rN+++ Dex-4 SInv}
   847 | D        | Got the +2 helmet "Kuatzuli" {rN+ Str+3}
  1010 | D        | Entered arena 9.
  1010 | D        | Noticed a komodo dragon
  1010 | D        | Noticed a white ugly thing
  1014 | D        | Reached skill level 12 in Spellcasting
  1015 | D        | Killed a white ugly thing
  1016 | D        | Reached XP level 10. HP: 51/76 MP: 0/0
  1017 | D        | Killed a komodo dragon
  1018 | D        | Reached skill level 13 in Spellcasting
  1018 | D        | Found a transporter.
  1035 | D        | Acquired the ring of Fikasod {+Blink AC+4 Str-2 Int+4 SInv}
  1129 | D        | Entered arena 10.
  1141 | D        | Found a transporter.
  1205 | D        | Got the ring "Yzawo" {rF+ AC+4 Str+7 Slay-4}
  1216 | D        | Entered arena 11.
  1217 | D        | Paralysed by a floating eye for 2 turns
  1227 | D        | Reached skill level 10 in Shields
  1227 | D        | Found a transporter.
  1284 | D        | Got the +6 fustibalus of Chance {speed, rPois Stlth+}
  1293 | D        | Entered arena 12.
  1293 | D        | Noticed a shadow dragon
  1301 | D        | Noticed a soul eater
  1301 | D        | Noticed a soul eater
  1309 | D        | HP: 8/68 [shadow dragon (6)]
  1309 | D        | Killed from afar by a soul eater

Illustrated notes

Levels and vault maps discovered:
D:        sprint_v [room_start, room_1, room_2, room_3, room_4, room_5, room_6,
          room_7, room_8, room_9, room_10, room_11, room_12, room_13, room_14,
          room_15, room_16, room_17, room_18, room_19, room_20, room_21,
          room_22, room_23, room_24, room_25, room_26, room_27]

Skill      XL: |  1  2  3  4  5  6  7  8  9 10 |
---------------+-------------------------------+-----
Fighting       | 4 6 8 |  8.1
Long Blades    | 3 5 7 |  7.4
Spellcasting   | 4 7 9 11 12 13 | 13.8
Shields        | 2 6 9 10 | 10.3
Dodging        | |  2.1
Stealth        | |  1.5

Action                   |  1- 3 |  4- 6 |  7- 9 | 10-12 || total
-------------------------+-------+-------+-------+-------++-------
Melee: Double sword      |     5 |     1 |    24 |    22 ||    52
 Cast: Fulminant Prism   |       |     3 |     4 |     6 ||    13
       Iskenderun's Myst |       |     2 |     2 |     1 ||     5
       Dazzling Flash    |       |       |     3 |       ||     3
Evoke: Wand              |       |     1 |     4 |     2 ||     7
  Use: Potion            |     1 |       |       |     1 ||     2
       Scroll            |       |       |       |     1 ||     1
 Stab: Invisible         |       |       |     1 |       ||     1
Armor: Fire dragon scale |    15 |     1 |     6 |    17 ||    39
       Ring mail         |       |       |     2 |       ||     2
Dodge: Dodged            |     4 |       |    20 |    16 ||    40
Block: Buckler           |     3 |       |    10 |    14 ||    27
       Rpst.: Double sword |     1 |       |     4 |     4 ||     9

Table legend: (Time is in decaauts)
 A = Elapsed time spent in this place.
 B = Non-inter-level travel time spent in this place.
 C = Inter-level travel time spent in this place.
 D = Time resting spent in this place.
 E = Time spent auto-exploring this place.
 F = Levels seen in this place.
 G = Mean time per level.
                   A        B        C        D        E       F      G
               +--------+--------+--------+--------+--------+-----+--------+
         Total |   1315 |   1315 |      0 |    917 |      0 |   1 | 1315.0 |
       Dungeon |   1315 |   1315 |      0 |    917 |      0 |   1 | 1315.0 |
               +--------+--------+--------+--------+--------+-----+--------+

Top non-repeatable levels by time:
       D: 1315 daAuts
